 Dungeon Crawl Stone Soup version 0.15.2 (webtiles) character file.

17695 MordorOrchid the Covert (level 12, 0/59 (63) HPs)
             Began as a Spriggan Berserker on July 4, 2022.
             Was a High Priest of Trog.
             Slain by a manticore (10 damage)
             ... on Level 13 of the Dungeon.
             The game lasted 01:22:21 (13265 turns).

MordorOrchid the Covert (Spriggan Berserker)       Turns: 13265, Time: 01:22:21

HP   0/59 (63)   AC  4     Str 20      XL: 12   Next: 21%
MP   0/27        EV 25     Int 10      God: Trog [*****.]
Gold 428         SH  7     Dex 16      Spells:  0 memorised, 11 levels left

rFire  . . .     SeeInvis +     y - +5 short sword (freeze)
rCold  . . .     Clarity  .     F - +2 robe {rN+}
rNeg   + . .     rCorr    .     P - +0 buckler
rPois  .         rRot     .     (helmet restricted)
rElec  .         Spirit   +     (no cloak)
SustAb +         Warding  .     (gloves unavailable)
rMut   .         Stasis   .     (boots unavailable)
Gourm  .                        n - amulet of guardian spirit
MR     ++++.                    J - +4 ring of strength
                                g - ring of sustain abilities

@: regenerating, very quick, incredibly resistant to hostile enchantments, very
stealthy
A: unfitting armour, see invisible, herbivore 3, speed 3, slow metabolism 2
a: Burn Spellbooks, Berserk, Trog's Hand, Brothers in Arms, Renounce Religion


You were on level 13 of the Dungeon.
You worshipped Trog.
Trog was extremely pleased with you.
You were full.

You visited 1 branch of the dungeon, and saw 13 of its levels.

You collected 720 gold pieces.
You spent 292 gold pieces at shops.

Inventory:

Hand weapons
 a - a +2 antimagic cutlass
 b - a +0 blowgun
 j - a +0 hunting sling of flaming
 y - a +5 short sword of freezing (weapon)
 z - a +2 dagger of chaos
 E - the cursed +3 scimitar "Gusenoen" {slice, rElec rF+}
   (You bought it in a shop on level 8 of the Dungeon)

   It inflicts extra damage upon your enemies.
   It protects you from fire.
   It insulates you from electricity.
   It has a curse placed upon it.
Missiles
 c - 7 needles of slowing
 d - 38 stones
 e - 4 poisoned tomahawks (quivered)
 h - 8 curare-tipped needles
 o - 3 needles of confusion
 p - 47 poisoned needles
 s - 5 steel tomahawks
 C - 7 tomahawks
 O - 4 tomahawks of returning
 S - 2 needles of sleeping
 Z - 20 sling bullets
Armour
 F - a +2 robe of positive energy (worn)
 P - a +0 buckler (worn)
Magical devices
 A - a wand of flame (2)
 D - a wand of fire (3)
 G - a wand of digging (8)
 K - a wand of fire (2)
 R - a wand of lightning (7) {unknown}
 T - a wand of slowing (4) {unknown}
Comestibles
 k - 6 bread rations
 W - 6 royal jellies
Scrolls
 f - 5 scrolls of magic mapping
 i - 2 scrolls of fear
 l - 2 scrolls of teleportation
 q - a scroll of fog
 t - 3 scrolls of enchant armour
 w - 3 scrolls of blinking
 I - a scroll of noise {unknown}
 M - a scroll of holy word {unknown}
 Q - 4 scrolls of remove curse
Jewellery
 g - a ring of sustain abilities (left hand)
 m - an uncursed amulet of faith
 n - an amulet of guardian spirit (around neck)
 H - an uncursed amulet of warding {unknown}
 J - a +4 ring of strength (right hand)
Potions
 u - a potion of restore abilities {unknown}
 v - a potion of cure mutation {unknown}
 x - 3 potions of curing
 B - a potion of heal wounds
 L - a potion of brilliance
 U - a potion of lignification {unknown}
 X - a potion of haste {unknown}
 Y - a potion of porridge
Books
 r - the Compendium of Igneous Conjuration
   (You found it on level 12 of the Dungeon)

   Spells                             Type                      Level
   Magic Dart                         Conjuration                  1
   Conjure Flame                      Conjuration/Fire             3
   Sticky Flame                       Conjuration/Fire             4
   Fireball                           Conjuration/Fire             5
   Delayed Fireball                   Conjuration/Fire             7
   Trog disapproves of the use of such an item.
 V - a book of Air

   Spells                             Type                      Level
   Shock                              Conjuration/Air              1
   Swiftness                          Charms/Air                   2
   Repel Missiles                     Charms/Air                   2
   Flight                             Charms/Air                   3
   Static Discharge                   Conjuration/Air              3
   Lightning Bolt                     Conjuration/Air              5
   Trog disapproves of the use of such an item.
Rods
 N - a +0 rod of shadows (12/12)
   (You found it on level 12 of the Dungeon)


   Skills:
 * Level 7.1 Fighting
 * Level 9.9 Short Blades
 + Level 11.1 Throwing
 + Level 10.8 Dodging
 + Level 12.6 Stealth
 * Level 3.9 Shields
 - Level 7.0 Evocations


You had 11 spell levels left.
You didn't know any spells.

Dungeon Overview and Level Annotations

Branches:
Dungeon (13/15)            Temple (0/1) D:5             Orc (0/4) D:12
   Lair (0/8) D:11
 Vaults: D:13-14

Altars:
Ashenzari
Cheibriados
Dithmenos
Elyvilon
Fedhas
Nemelex Xobeh
Okawaru
Sif Muna
Vehumet
Xom
Yredelemnul
Zin
The Shining One

Shops:
D:5 =:*   D:8 (

Annotations:
D:3 exclusion: 3 adders
D:4 exclusion: worker ant, MordorOrchid's ghost, experienced FoFi
D:8 exclusion: upstairs
D:12 1 exclusion


Innate Abilities, Weirdness & Mutations

You are tiny and cannot use many weapons and most armour.
You have supernaturally acute eyesight.
You are a herbivore.
You cover ground extremely quickly.
You need consume almost no food.


Message History

You block the manticore's attack.
You hit the manticore. You freeze the manticore.
The manticore is heavily wounded.
The manticore bites you! The manticore claws you!
You block the manticore's attack.
You hit the manticore. You freeze the manticore.
The manticore is severely wounded.
You hit the manticore. You freeze the manticore.
The manticore is severely wounded.
The manticore bites you!
* * * LOW HITPOINT WARNING * * *
The manticore claws you.
* * * LOW HITPOINT WARNING * * *
The manticore claws you.
* * * LOW HITPOINT WARNING * * *
Use which ability? (? or * to list)
Your skin crawls.
You feel resistant to hostile enchantments.
You feel slightly less full. The manticore bites you!
You die...

#§.H.......................
#§.......#..###............
≈#+#≈..o......................
§§.§§oo.....##..###...........
....o.....H.###.####........#.
...)o....#o# #....####.###.#.
.##.....##[######.####.##....
########.##..............##
#......H@................
###....##................
####.##...)......(.##..
#.##................
#.##...........##...
#...................
###...........#..###
###..#.######..###
##.).#####..# #.


You could see a manticore.

Vanquished Creatures
  The ghost of MordorOrchid the Covert, a powerful SpEn of Okawaru (D:12)
  A hydra (D:12)
  An unseen horror (D:11)
  Pikel (D:7)
  A cyclops (D:12)
  3 hill giants
  A manticore (D:11)
  2 ugly things (D:12)
  A kobold demonologist (D:12)
  2 gargoyles
  A komodo dragon (D:13)
  3 trolls (D:12)
  8 slime creatures
  4 two-headed ogres
  2 trapdoor spiders
  A deep elf mage (D:9)
  6 yaks (D:11)
  A shadow (D:12)
  4 hippogriffs
  3 hungry ghosts
  Edmund (D:5)
  Menkaure (D:7)
  A mottled dragon (D:12)
  A soldier ant (D:10)
  2 spiders (D:10)
  8 orc warriors
  A necrophage (D:7)
  5 sky beasts
  2 slaves (D:7)
  A yellow wasp (D:10)
  An ice beast (D:8)
  3 phantoms
  6 ogres
  Duvessa (D:7)
  4 big kobolds
  3 centaurs
  2 giant frogs
  2 crocodiles
  A scorpion (D:7)
  An eye of draining (D:8)
  8 killer bees
  3 wights (D:12)
  7 hounds
  Dowan (D:7)
  2 giant frog zombies
  2 goliath beetles
  An elf zombie (D:10)
  A quasit (D:10)
  4 crimson imps
  3 jellies
  6 orc priests
  An elf skeleton (D:8)
  5 iguanas
  7 worker ants
  10 orc wizards
  Ijyb (D:2)
  An ogre zombie (D:9)
  A hound zombie (D:9)
  Terence (D:3)
  A hound skeleton (D:7)
  4 gnolls (D:7)
  11 adders
  A scorpion zombie (D:5)
  A giant mite (D:8)
  4 shadow imps
  2 ufetubi (D:12)
  An adder zombie (D:6)
  51 orcs
  5 ball pythons
  13 bats
  6 giant cockroaches
  14 goblins
  10 hobgoblins
  37 kobolds
  3 quokkas
  10 giant geckos
  2 giant newts (D:6)
  A giant spore (D:10)
  A hobgoblin skeleton (D:6)
  A hobgoblin zombie (D:6)
  7 jackals
  A jackal skeleton (D:6)
  12 rats
  A ballistomycete (D:10)
359 creatures vanquished.

Vanquished Creatures (others)
  A two-headed ogre (D:12)
  A slave (D:7)
  A sky beast (D:7)
  A rat (D:2)
4 creatures vanquished.

Grand Total: 363 creatures vanquished

Notes
Turn   | Place    | Note
--------------------------------------------------------------
     0 | D:1      | MordorOrchid, the Spriggan Berserker, began the quest for the Orb.
     0 | D:1      | Reached XP level 1. HP: 11/11 MP: 2/2
    19 | D:1      | Reached skill level 1 in Stealth
   261 | D:1      | Reached XP level 2. HP: 14/16 MP: 4/4
   768 | D:1      | Reached skill level 5 in Dodging
   782 | D:1      | Acquired Trog's second power
   921 | D:2      | Reached XP level 3. HP: 13/19 MP: 6/6
   949 | D:2      | Noticed Ijyb
  1019 | D:2      | Killed Ijyb
  1174 | D:2      | Found a radiant altar of Vehumet.
  1222 | D:2      | Reached XP level 4. HP: 4/23 MP: 8/8
  2095 | D:3      | Found a snail-covered altar of Cheibriados.
  2126 | D:3      | Found a glowing golden altar of the Shining One.
  2227 | D:3      | Noticed Terence
  2272 | D:3      | Killed Terence
  2272 | D:3      | Reached skill level 6 in Dodging
  2445 | D:4      | Noticed MordorOrchid's ghost (experienced FoFi)
  2570 | D:4      | Found a white marble altar of Elyvilon.
  2644 | D:4      | Reached skill level 5 in Stealth
  2657 | D:4      | Reached XP level 5. HP: 27/27 MP: 7/10
  3237 | D:5      | Entered Level 5 of the Dungeon
  3263 | D:5      | Found Smulolla's General Store.
  3272 | D:5      | Bought 6 curare-tipped needles for 43 gold pieces
  3272 | D:5      | Bought a scroll of fog for 24 gold pieces
  3342 | D:5      | Noticed a centaur
  3354 | D:5      | Killed a centaur
  3354 | D:5      | Reached XP level 6. HP: 16/32 MP: 7/12
  3374 | D:5      | Found a staircase to the Ecumenical Temple.
  3418 | D:5      | Noticed an ogre
  3422 | D:5      | Killed an ogre
  3445 | D:5      | Reached skill level 7 in Dodging
  3447 | D:5      | Noticed Edmund
  3461 | D:5      | Killed Edmund
  3500 | D:5      | Found Shoff's Jewellery Shoppe.
  3516 | D:5      | Reached XP level 7. HP: 28/36 MP: 14/14
  3589 | D:5      | Found a deep blue altar of Sif Muna.
  3615 | D:5      | Found Sarif's Book Emporium.
  3820 | D:6      | Acquired Trog's third power
  3820 | D:6      | Reached skill level 5 in Short Blades
  3835 | D:6      | Found a blossoming altar of Fedhas.
  4194 | D:6      | Found a shattered altar of Ashenzari.
  4375 | D:6      | Found a shimmering altar of Xom.
  4682 | D:6      | Reached skill level 8 in Stealth
  4829 | D:7      | Reached XP level 8. HP: 38/42 MP: 16/16
  5232 | D:7      | Noticed Pikel
  5272 | D:7      | Killed Pikel
  5272 | D:7      | Reached skill level 9 in Dodging
  5408 | D:7      | Noticed Duvessa
  5420 | D:7      | Killed Duvessa
  5428 | D:7      | Noticed Dowan
  5438 | D:7      | Killed Dowan
  5438 | D:7      | Reached skill level 5 in Fighting
  5554 | D:7      | Reached XP level 9. HP: 40/47 MP: 18/20
  5789 | D:7      | Received a gift from Trog
  5954 | D:7      | Found a basalt altar of Yredelemnul.
  6328 | D:7      | Noticed Menkaure
  6549 | D:8      | Reached skill level 5 in Throwing
  6819 | D:8      | Found a sparkling altar of Nemelex Xobeh.
  6937 | D:8      | Reached skill level 10 in Stealth
  6944 | D:8      | Found Traunuh's Antique Weapon Shoppe.
  6950 | D:8      | Bought a faintly glowing scimitar for 225 gold pieces
  6970 | D:8      | Received a gift from Trog
  7272 | D:7      | Killed Menkaure
  7652 | D:9      | Found a glowing silver altar of Zin.
  7670 | D:9      | Reached skill level 5 in Evocations
  7670 | D:9      | Reached XP level 10. HP: 45/48 MP: 23/23
  8369 | D:9      | Found an iron altar of Okawaru.
  8515 | D:10     | Entered Level 10 of the Dungeon
  8546 | D:10     | Found a shattered altar of Ashenzari.
  8774 | D:10     | Received a gift from Trog
  8988 | D:10     | Noticed a hill giant
  9051 | D:10     | Killed a hill giant
  9051 | D:10     | Received a gift from Trog
  9051 | D:10     | Reached skill level 1 in Shields
  9441 | D:10     | Reached skill level 11 in Stealth
  9623 | D:11     | Noticed a manticore
  9627 | D:11     | Killed a manticore
  9659 | D:11     | Noticed an unseen horror
  9691 | D:11     | Killed an unseen horror
  9691 | D:11     | Reached skill level 10 in Dodging
  9719 | D:11     | Identified the cursed +3 scimitar "Gusenoen" {slice, rElec rF+} (You bought it in a shop on level 8 of the Dungeon)
  9835 | D:11     | Noticed a hill giant
  9850 | D:11     | Killed a hill giant
  9850 | D:11     | Reached XP level 11. HP: 52/52 MP: 24/26
  9867 | D:11     | Found a shadowy altar of Dithmenos.
 10376 | D:11     | Received a gift from Trog
 10878 | D:11     | Found a staircase to the Lair.
 11220 | D:12     | Identified the Compendium of Igneous Conjuration (You found it on level 12 of the Dungeon)
 11250 | D:12     | Noticed a seven-headed hydra
 11400 | D:12     | Reached skill level 10 in Throwing
 11464 | D:12     | Noticed MordorOrchid's ghost (powerful SpEn)
 11537 | D:12     | Killed MordorOrchid's ghost
 11552 | D:12     | Identified a +0 rod of shadows (12/12) (You found it on level 12 of the Dungeon)
 11790 | D:12     | Received a gift from Trog
 11863 | D:12     | Found a staircase to the Orcish Mines.
 11902 | D:12     | Reached skill level 12 in Stealth
 12140 | D:12     | Killed a seven-headed hydra
 12746 | D:12     | Reached XP level 12. HP: 59/59 MP: 27/27
 13265 | D:13     | Slain by a manticore

Action                   |  1- 3 |  4- 6 |  7- 9 | 10-12 || total
-------------------------+-------+-------+-------+-------++-------
Melee: Short sword       |   118 |   167 |   245 |   359 ||   889
       Dagger            |       |       |    24 |     1 ||    25
       Cutlass           |       |       |     4 |    50 ||    54
 Fire: Blowgun           |       |       |   112 |   261 ||   373
       Hunting sling     |       |       |    32 |   155 ||   187
       Shortbow          |       |       |    13 |     5 ||    18
Throw: Stone             |     1 |     7 |     1 |       ||     9
       Tomahawk          |       |       |       |     4 ||     4
Invok: Berserk           |     3 |     1 |     1 |     4 ||     9
       Trog's Hand       |       |       |       |     9 ||     9
       Brothers in Arms  |       |       |       |     1 ||     1
       Burn Spellbooks   |       |       |       |     1 ||     1
Evoke: Wand              |       |       |     4 |    18 ||    22
  Use: Potion            |       |     8 |       |     2 ||    10
       Scroll            |       |    10 |     5 |     6 ||    21
 Stab: Sleeping          |     9 |     7 |    36 |    36 ||    88
       Distracted        |       |     1 |     3 |    11 ||    15
  Eat: Pizza             |       |     1 |       |     1 ||     2
       Bread ration      |       |       |     1 |       ||     1
       Fruit             |       |       |       |     9 ||     9
